 Dungeon Crawl Stone Soup version 0.22-a0-196-gee22f27 (webtiles) character file.

4280 b5mith the Fighter (level 10, -10/91 HPs)
             Began as a Minotaur Berserker on Feb 17, 2018.
             Was an Elder of Trog.
             Mangled by a death yak (22 damage)
             ... on level 8 of the Dungeon.
             The game lasted 00:30:23 (6536 turns).

b5mith the Fighter (Minotaur Berserker)             Turns: 6536, Time: 00:30:24

Health: -10/91     AC:  8    Str: 25    XL:     10   Next: 10%
Magic:  9/9        EV: 19    Int:  4    God:    Trog [****..]
Gold:   204        SH:  3    Dex: 14    Spells: 9/9 levels left

rFire    . . .     SeeInvis .   O - +2 trident (venom)
rCold    . . .     Gourm    .   H - +0 buckler
rNeg     . . .     Faith    .   b - +0 animal skin
rPois    .         Spirit   .   (helmet restricted)
rElec    .         Reflect  .   C - +2 cloak
rCorr    .         Harm     .   z - +1 pair of gloves
MR       .....                  (no boots)
Stlth    +.........             m - amulet of regeneration
HPRegen  0.65/turn              d - +4 ring of dexterity
MPRegen  0.11/turn              N - +3 ring of evasion

@: berserk cooldown, slowed, very slow
A: retaliatory headbutt, horns 2
a: Berserk, Trog's Hand, Brothers in Arms, Burn Spellbooks, Renounce Religion


You were on level 8 of the Dungeon.
You worshipped Trog.
Trog was greatly pleased with you.
You were not hungry.

You visited 1 branch of the dungeon, and saw 9 of its levels.

You collected 456 gold pieces.
You spent 252 gold pieces at shops.

Inventory:

Hand Weapons
 a - a +0 spear
 x - a +1 trident of venom
 O - a +2 trident of venom (weapon)
Missiles
 i - 181 stones
 v - 2 tomahawks
 L - 5 javelins of returning (quivered)
 P - 2 tomahawks of returning
Armour
 b - a +0 animal skin (worn)
 z - a +1 pair of gloves (worn)
 C - a +2 cloak (worn)
 H - a +0 buckler (worn)
 R - a +0 leather armour
Magical Staves
 E - an uncursed staff of conjuration {unknown}
Jewellery
 d - a +4 ring of dexterity (left hand)
 f - an uncursed amulet of faith
 m - an amulet of regeneration (around neck)
 G - an uncursed ring of flight
 N - a +3 ring of evasion (right hand)
 Q - an uncursed ring of protection from magic {unknown}
Wands
 u - a wand of random effects (31)
 w - a wand of enslavement (15)
Scrolls
 e - 4 scrolls of teleportation
 k - 2 scrolls of magic mapping
 o - 3 scrolls of remove curse {@r2}
 r - 2 scrolls of fog
 s - 3 scrolls of immolation
 y - a scroll of random uselessness {unknown}
 A - a scroll of enchant weapon {unknown}
 D - a scroll of fear {unknown}
 F - 3 scrolls of identify {@r1}
 I - a scroll of enchant armour {unknown}
 K - a scroll of amnesia {unknown}
Potions
 g - 3 potions of curing {@q1}
 h - a potion of invisibility {unknown}
 j - a potion of ambrosia {unknown}
 l - 3 potions of resistance
 p - 2 potions of agility
 t - 2 potions of lignification
 B - 2 potions of haste
Books
 n - a book of Frost

   Spells                             Type                      Level
   a - Freeze                         Ice                          1
   b - Throw Frost                    Conjuration/Ice              2
   c - Ozocubu's Armour               Charms/Ice                   3
   d - Throw Icicle                   Conjuration/Ice              4
   e - Summon Ice Beast               Ice/Summoning                4
   Trog disapproves of the use of such an item.
 J - a book of Maledictions

   Spells                             Type                      Level
   a - Corona                         Hexes                        1
   b - Ensorcelled Hibernation        Hexes/Ice                    2
   c - Confuse                        Hexes                        3
   d - Tukima's Dance                 Hexes                        3
   e - Dazzling Spray                 Conjuration/Hexes            3
   Trog disapproves of the use of such an item.
Comestibles
 c - 15 rations


   Skills:
 + Level 9.4 Fighting
 + Level 9.3 Polearms
 + Level 9.0 Armour
 + Level 8.3 Dodging
 - Level 2.5 Unarmed Combat


You had 9 spell levels left.
You didn't know any spells.

Dungeon Overview and Level Annotations

Branches:
Dungeon (9/15)             Temple (0/1) D:4            Lair (0/6) D:8
    Orc: D:9-12

Altars:
Ashenzari
Cheibriados
Fedhas
Kikubaaqudgha
Makhleb
Nemelex Xobeh
Qazlal
Yredelemnul
Zin

Shops:
D:7 =

Annotations:
D:8 b5mith's ghost, novice HuBe
D:9 Grum


Innate Abilities, Weirdness & Mutations

You reflexively headbutt those who attack you in melee.
You have a pair of horns on your head.


Message History

The death yak gores you!!
You puncture the death yak!
The death yak looks as sick as possible!
You headbutt the death yak, but do no damage.
The death yak is lightly wounded.
The death yak misses you. You block the death yak's attack.
The death yak gores you!!
* * * LOW HITPOINT WARNING * * *
You block the death yak's attack. The death yak gores you!!
* * * LOW HITPOINT WARNING * * *
The death yak closely misses you. The death yak gores you.
* * * LOW HITPOINT WARNING * * *
The death yak gores you but does no damage.
Your magical contamination has completely faded away.
A scorpion comes into view.
The scorpion moves out of view.
The death yak gores you.
* * * LOW HITPOINT WARNING * * *
There is an open door here.
The death yak gores you!!
You die...

..#...........#.#....#.......#...
..................##...##....#..#
#.#.#....###..#..####.####...#..#
#.#.#......#..#.## #'# ##....Y.
..#.#......#..#.## ##..#.##
..#.#......#.....## ##...###
Y...#.#.......#...## ##..#.#
Y.###.#.#..####....## ##...#.# ..#
#.........YY@...###....#.# ..#
#.#.#..####............#.###.
..###.#....# #....#.#.......).'.
....#.#....# ##...........##.###.
.####.#....#.........##...+......
...........#............#.#...##.
#####.###...............#...รท....
....#.........................###
#.#.###....#....#.>..#..#.....#


You could see 2 death yaks.

Vanquished Creatures
  Prince Ribbit (D:6)
  A hippogriff (D:7)
  A spriggan (D:7)
  Duvessa (D:4)
  2 orc warriors
  2 sky beasts
  A wolf (D:8)
  7 ogres
  A black bear (D:8)
  7 centaurs
  2 bullfrogs
  Dowan (D:4)
  2 scorpions
  12 wights
  A howler monkey (D:5)
  3 crimson imps
  A bullfrog zombie (D:5)
  A centaur zombie (D:6)
  4 hounds
  6 orc priests
  Crazy Yiuf (D:5)
  A centaur skeleton (D:6)
  A gnoll shaman (D:7)
  A bullfrog skeleton (D:8)
  4 iguanas
  2 worker ants (D:8)
  Ijyb (D:3)
  3 orc wizards (D:8)
  A hound zombie (D:6)
  A hound skeleton (D:3)
  3 gnolls (D:7)
  A worker ant zombie (D:3)
  8 adders
  2 shadow imps
  An ooze (D:3)
  2 adder skeletons
  A worm (D:2)
  4 dart slugs
  5 leopard geckos
  29 orcs
  6 bats
  2 giant cockroaches
  5 goblins
  9 hobgoblins
  9 jackals
  2 quokkas (D:7)
  10 ball pythons
  8 frilled lizards
  A jackal skeleton (D:5)
  4 kobolds
  A leopard gecko skeleton (D:7)
  A leopard gecko zombie (D:3)
  A quokka zombie (D:3)
  7 rats
  A plant (D:1)
196 creatures vanquished.

Notes
Turn   | Place    | Note
-------+----------+-------------------------------------------
     0 | D:1      | b5mith the Minotaur Berserker began the quest for the Orb.
     0 | D:1      | Reached XP level 1. HP: 19/19 MP: 0/0
    89 | D:1      | Reached XP level 2. HP: 19/27 MP: 1/1
   638 | D:2      | Reached XP level 3. HP: 33/33 MP: 2/2
   639 | D:2      | Reached ** piety under Trog
   936 | D:2      | Reached skill level 1 in Unarmed Combat
  1126 | D:2      | Reached XP level 4. HP: 40/40 MP: 3/3
  1449 | D:3      | Noticed Ijyb
  1467 | D:3      | Killed Ijyb
  1512 | D:3      | Found a blossoming altar of Fedhas.
  1514 | D:3      | Found an ancient bone altar of Kikubaaqudgha.
  1689 | D:3      | Reached *** piety under Trog
  1691 | D:3      | Reached XP level 5. HP: 47/47 MP: 4/4
  2347 | D:4      | Noticed an ogre
  2355 | D:4      | Killed an ogre
  2355 | D:4      | Reached XP level 6. HP: 55/55 MP: 5/5
  2383 | D:4      | Found a glowing silver altar of Zin.
  2424 | D:4      | Found a staircase to the Ecumenical Temple.
  2599 | D:4      | Noticed Duvessa
  2599 | D:4      | Noticed Dowan
  2602 | D:4      | Killed Duvessa
  2602 | D:4      | Reached skill level 5 in Fighting
  2602 | D:4      | Reached skill level 5 in Polearms
  2608 | D:4      | Killed Dowan
  2690 | D:4      | Reached XP level 7. HP: 61/61 MP: 6/6
  3226 | D:5      | Entered Level 5 of the Dungeon
  3273 | D:5      | Found a runed door.
  3297 | D:5      | Reached skill level 5 in Armour
  3568 | D:5      | Reached skill level 5 in Dodging
  4111 | D:5      | Noticed Crazy Yiuf
  4117 | D:5      | Killed Crazy Yiuf
  4117 | D:5      | Reached XP level 8. HP: 63/71 MP: 7/7
  4471 | D:6      | Received a gift from Trog
  4652 | D:6      | Found a shattered altar of Ashenzari.
  4673 | D:6      | Reached XP level 9. HP: 79/81 MP: 8/8
  4723 | D:6      | Noticed Prince Ribbit
  4731 | D:6      | Killed Prince Ribbit
  4842 | D:6      | Found a basalt altar of Yredelemnul.
  5112 | D:7      | Found Tesiehir's Jewellery Shoppe.
  5117 | D:7      | Bought a +3 ring of evasion for 252 gold pieces
  5160 | D:7      | Found a snail-covered altar of Cheibriados.
  5381 | D:7      | Found a stormy altar of Qazlal.
  5407 | D:7      | Found a burning altar of Makhleb.
  5613 | D:7      | Reached **** piety under Trog
  5660 | D:8      | Noticed b5mith's ghost (novice HuBe)
  5881 | D:8      | Noticed a death yak
  5882 | D:8      | Noticed a death yak
  5883 | D:8      | Noticed a death yak
  5901 | D:8      | Noticed a death yak
  6029 | D:8      | Found a staircase to the Lair.
  6112 | D:8      | Reached XP level 10. HP: 91/91 MP: 9/9
  6117 | D:8      | Found a sparkling altar of Nemelex Xobeh.
  6128 | D:8      | Noticed a death yak
  6498 | D:9      | Noticed Grum
  6536 | D:8      | Mangled by a death yak

Vault maps used:
D:1:      tarquinn_simple_flora_water_a, serial_bayou_lake_a
D:2:      minmay_snake_closets
D:3:      grunt_temple_overflow_growth_and_decay, serial_undead,
          serial_undead_c, serial_undead_a, serial_undead_d, serial_undead_f,
          kennysheep_generic_room_10, uniq_ijyb
D:4:      minmay_door_path, lemuel_doored_altar, temple_pool_b, uniq_duvessa
D:5:      first_ration, hangedman_decor_opposing, abandoned_shop,
          hangedman_decor_peaks_small, uniq_crazy_yiuf_cottage
D:6:      evilmike_ruin_ashenzari, palyth_stone_intersect,
          grunt_decor_arrowhead, yredelemnul_altar_generic, uniq_prince_ribbit1
D:7:      lemuel_coloured_pillars_altar, amethyst_overflow_temple_binary,
          serial_shops, shop, the_bakery
D:8:      grunt_dithmenos_smoke, chequers_temple_overflow_statue_of_worship,
          dpeg_lair_monsters, nemelex_lonely_heart_becter
D:9:      elyvilon_altar_1, orc_david_3, minivault_11, uniq_grum

Skill      XL: |  1  2  3  4  5  6  7  8  9 10 |
---------------+-------------------------------+-----
Fighting       | 4 5 6 7 9 |  9.4
Polearms       | 4 5 6 7 9 |  9.3
Armour         | 3 4 5 7 8 9 |  9.0
Unarmed Combat | 1 2 |  2.5
Dodging        | 3 4 5 6 8 |  8.3

Action                   |  1- 3 |  4- 6 |  7- 9 | 10-12 || total
-------------------------+-------+-------+-------+-------++-------
Melee: Spear             |   117 |    38 |       |       ||   155
       Headbutt          |    17 |    15 |    50 |     4 ||    86
       Trident           |       |    61 |   287 |    21 ||   369
       Punch             |       |       |     3 |       ||     3
Throw: Stone             |    36 |    56 |    35 |       ||   127
       Javelin           |       |       |    34 |       ||    34
Invok: Berserk           |       |       |     1 |     1 ||     2
Evoke: Wand              |       |       |       |     1 ||     1
  Use: Scroll            |     2 |     4 |     8 |     1 ||    15
 Stab: Sleeping          |     5 |     4 |     3 |       ||    12
       Distracted        |       |       |       |     1 ||     1
  Eat: Chunk             |     1 |     4 |     2 |       ||     7
       Ration            |       |     1 |     3 |       ||     4
Armor: Animal skin       |     7 |     2 |    27 |     1 ||    37
Dodge: Dodged            |    25 |    44 |   131 |     9 ||   209
Block: Buckler           |       |       |    26 |     3 ||    29

Table legend:
 A = Spawn XP
 B = Non-spawn XP
 C = Spawn XP percentage of total XP
 D = Spawn monster count
 E = Non-spawn monster count
 F = Spawn count percentage of total count
 G = Total turns spent on level
                    A         B        C        D         E        F      G
               +---------+---------+-------+---------+---------+-------+---------
         Total |       0 |    6115 |   0.0 |       0 |     195 |   0.0 |  6536
               +---------+---------+-------+---------+---------+-------+---------
           D:1 |       0 |      36 |   0.0 |       0 |      18 |   0.0 |   616
           D:2 |       0 |      64 |   0.0 |       0 |      22 |   0.0 |   767
           D:3 |       0 |     162 |   0.0 |       0 |      41 |   0.0 |   856
           D:4 |       0 |     483 |   0.0 |       0 |       8 |   0.0 |   987
           D:5 |       0 |     697 |   0.0 |       0 |      15 |   0.0 |   937
           D:6 |       0 |    1782 |   0.0 |       0 |      36 |   0.0 |   804
           D:7 |       0 |    1296 |   0.0 |       0 |      22 |   0.0 |   713
           D:8 |       0 |    1595 |   0.0 |       0 |      33 |   0.0 |   854
               +---------+---------+-------+---------+---------+-------+---------
